 Dungeon Crawl Stone Soup version 0.31-a0-876-gfe8ebadbca (webtiles) character file.

Game seed: 11327216491367295402

142 BinkBink the Shooter (level 5, 0/41 HPs)
             Began as a Demonspawn Hunter on Oct 14, 2023.
             Was a Believer of Qazlal.
             Succumbed to a kobold brigand's poison
             ... on level 3 of the Dungeon.
             The game lasted 00:04:30 (2018 turns).

BinkBink the Shooter (Demonspawn Hunter)            Turns: 2018, Time: 00:04:30

Health: 0/41       AC:  3    Str: 12    XL:     5   Next: 3%
Magic:  5/5        EV: 12    Int: 10    God:    Qazlal [**....]
Gold:   186        SH:  3    Dex: 18    Spells: 4/4 levels left

rFire   . . .        a - +0 shortbow
rCold   . . .        (shield currently unavailable)
rNeg    . . .        c - +0 leather armour
rPois   .            (helmet currently unavailable)
rElec   .            (cloak currently unavailable)
rCorr   .            (gloves currently unavailable)
SInv    .            (boots currently unavailable)
Will    .....        (no amulet)
Stlth   ++           (no ring)
HPRegen 0.26/turn    (no ring)
MPRegen 0.09/turn

%: no passive effects
@: lethally poisoned (0 -> -8), beast-form, slowed, very slow
A: beast (slay +0), demonic guardian 1, ignite blood 1, weakness stinger 1
a: Begin Untransformation, Renounce Religion, Upheaval


You were on level 3 of the Dungeon.
You worshipped Qazlal.
Qazlal was pleased with you.
You were a hulking beast.
You visited 1 branch of the dungeon, and saw 3 of its levels.

You collected 186 gold pieces.

Inventory:

Hand Weapons
 a - a +0 shortbow (weapon)
 f - a +0 dagger
Armour
 c - a +0 leather armour (worn)
 e - a +0 robe of cold resistance
Talismans
 i - a beast talisman (active)
Wands
 j - a wand of mindburst (18)
Scrolls
 g - a scroll of enchant armour {unknown}
 h - 2 scrolls of identify {unknown}
 k - 3 scrolls of teleportation {unknown}
 n - a scroll of vulnerability {unknown}
 o - a scroll of summoning {unknown}
Potions
 d - 2 potions of brilliance {unknown}
 l - a potion of ambrosia {unknown}
 m - a potion of haste {unknown}


   Skills:
 + Level 3.1 Fighting
 - Level 0.5 Short Blades
 + Level 3.9 Ranged Weapons
 + Level 2.8 Dodging
 + Level 2.3 Stealth
 + Level 0.9 Shapeshifting


You had 4 spell levels left.
You didn't know any spells.
Your spell library contained the following spells:

 Spells                   Type           Power      Damage    Failure   Level
 Sandblast                Erth           0%         2d4       43%         1
 Passwall                 Tmut/Erth      0%         N/A       58%         2
 Stone Arrow              Conj/Erth      0%         3d7       82%         3
 Brom's Barrelling Bould  Conj/Erth      0%         2d3       99%         4


Dungeon Overview and Level Annotations

Branches:
Dungeon (3/15)

Altars:
Cheibriados
Hepliaklqana
Qazlal

Shops:
D:1 =


Innate Abilities, Weirdness & Mutations

You are a hulking beast.
Your limbs bulge with bestial killing power. (Slay +0)
A weak demonic guardian rushes to your aid.
Your demonic aura sometimes causes spilled blood to erupt in flames.
You have a small tail.


Message History

No target in view!
A kobold and a kobold brigand come into view.
The kobold brigand is wielding a +0 club and quivering poisoned darts.
The kobold moves out of view.
A kobold brigand comes into view.
It is wielding a +0 club and quivering curare-tipped darts.
There are monsters nearby!
You shoot an arrow.
The arrow barely misses the kobold brigand.
The kobold brigand throws a poisoned dart.
The poisoned dart hits you!
You are poisoned.
You shoot an arrow. The arrow hits the kobold brigand.
The kobold brigand is lightly wounded.
You feel very sick.
The kobold brigand throws a poisoned dart.
The poisoned dart hits you.
You are more poisoned.
You shoot an arrow. The arrow hits the kobold brigand.
The kobold brigand is moderately wounded.
You feel very sick.
The kobold brigand throws a curare-tipped dart.
The curare-tipped dart hits you.
You are more poisoned.
You have difficulty breathing.
You feel yourself slow down.
Unknown command.
You feel extremely sick.
The kobold brigand throws a poisoned dart.
The poisoned dart hits you!
You are lethally poisoned!
* * * LOW HITPOINT WARNING * * *
You feel extremely sick.
* * * LOW HITPOINT WARNING * * *
You feel very sick.
The kobold brigand throws a poisoned dart.
The poisoned dart barely misses you.
* * * LOW HITPOINT WARNING * * *
You feel very sick.
As you read the scroll of butterflies, it crumbles to dust.
You hear the flapping of tiny wings.
You die...

#...#
........#.
##..#
..........
## #).#
..(.......
#~~#.b##
..........
##~~##..#
..........
#~~≈≈#bb#
..........
#~~≈≈#bb#
........##
#~~~≈#bb#
........).
##~~##hb#
..........
#~~#bb##
#######...
#~##bb#
#... #
#bK## #...
#bK# #...
#b)# #...
#K.# #...
#..# #...
..## #...


You could see 2 kobold brigands and a kobold (wandering, ally target).

Vanquished Creatures
  4 adders
  A worm (D:3)
  A dart slug (D:1)
  3 orcs (D:3)
  8 ball pythons
  5 bats
  6 endoplasms
  3 giant cockroaches (D:2)
  3 goblins
  4 hobgoblins
  6 jackals (D:3)
  2 quokkas
  3 frilled lizards
  5 kobolds (D:3)
  9 rats
63 creatures vanquished.

Vanquished Creatures (collateral kills)
  An orc priest (D:3)
  An orc (D:3)
2 creatures vanquished.

Grand Total: 65 creatures vanquished

Notes
Turn   | Place    | Note
-------+----------+-------------------------------------------
     0 | D:1      | BinkBink the Demonspawn Hunter began the quest for the Orb.
     0 | D:1      | Reached XP level 1. HP: 16/16 MP: 1/1
    37 | D:1      | Reached skill level 1 in Stealth
    50 | D:1      | Found Zomejigu's Jewellery Emporium.
   214 | D:1      | Gained mutation: You have a small tail. [demonic ancestry]
   214 | D:1      | Reached XP level 2. HP: 22/22 MP: 2/2
   695 | D:2      | Found a faded altar of an unknown god.
   777 | D:2      | Prayed at the altar of an unknown god.
   777 | D:2      | Became a worshipper of Qazlal Stormbringer
   777 | D:2      | Reached * piety under Qazlal
   852 | D:2      | Gained mutation: A weak demonic guardian rushes to your
                  | aid. [demonic ancestry]
   852 | D:2      | Reached XP level 3. HP: 21/28 MP: 3/3
  1457 | D:3      | Reached ** piety under Qazlal
  1525 | D:3      | Reached XP level 4. HP: 34/34 MP: 4/4
  1890 | D:3      | Found a hazy altar of Hepliaklqana.
  1895 | D:3      | Found a snail-covered altar of Cheibriados.
  1981 | D:3      | Gained mutation: Your demonic aura sometimes causes spilled
                  | blood to erupt in flames. [demonic ancestry]
  1981 | D:3      | Reached XP level 5. HP: 41/41 MP: 5/5
  2018 | D:3      | Succumbed to a kobold brigand's poison

Illustrated notes

Levels and vault maps discovered:
D:1:      zelgadis_glass_arrival_small, layout_loops_ring, serial_shops, shop,
          kennysheep_crisscross
D:2:      layout_loops_ring, shapermc_ecumenical_altar_hornbeckon
D:3:      cheibrodos_thug_alley, layout_basic,
          mainiacjoe_overflow_catwalk_spiral

Skill      XL: |  1  2  3  4 |
---------------+-------------+-----
Stealth        | 1 2 |  2.3
Dodging        | 2 |  2.8
Fighting       | 3 |  3.1
Short Blades   | |  0.5
Ranged Weapons | |  3.9
Shapeshifting  | |  0.9

Action                     |  1- 3 |  4- 6 || total
---------------------------+-------+-------++-------
  Melee: Dagger            |       |    19 ||    19
         Tailslap          |       |     7 ||     7
   Fire: Shortbow          |   109 |    67 ||   176
    Use: Scroll            |       |     1 ||     1
 Armour: Leather armour    |    18 |    24 ||    42
  Dodge: Dodged            |    26 |    22 ||    48
  Block: Other             |     2 |     4 ||     6
   Form: Beast             |     1 |       ||     1

Table legend: (Time is in decaauts)
 A = Elapsed time spent in this place.
 B = Non-inter-level travel time spent in this place.
 C = Inter-level travel time spent in this place.
 D = Time resting spent in this place.
 E = Time spent auto-exploring this place.
 F = Levels seen in this place.
 G = Mean time per level.
                   A        B        C        D        E       F      G
               +--------+--------+--------+--------+--------+-----+--------+
         Total |   2075 |   1946 |    129 |     34 |   1487 |   3 |  691.7 |
       Dungeon |   2075 |   1946 |    129 |     34 |   1487 |   3 |  691.7 |
               +--------+--------+--------+--------+--------+-----+--------+

Top non-repeatable levels by time:
     D:2: 1015 daAuts
     D:1: 554 daAuts
     D:3: 506 daAuts
